Unix NetHack Version 7.0.0 - last build Apr 4 2022 15:00:22 (1daa59f6fb2c1b90c2fc7f62aba2292257f152d9). Game began 2022-04-11 12:38:37, ended 2022-04-20 13:05:18. breadmaster, lawful female dwarven Valkyrie ------- ---------------- # |......# |..............| -----.---- #-.{...|# |...........)..| |.........############|.....|# |..............| |........| #-------# -.----------|--- |........-# ###)##` # # # ------.---# # ###### # # # ## # # # ## # # # # ### #} ### # ### # #### #} -----%--------- -----.-- # ## --.---- #} |.............| |......| ###------# |..[..| #} |.............| |......| #|....|# |.....| #} |%...[........| |......| #|.d..|# +.....| #} }} |+%.).%...)%%.| |......| #####-....|# |.....| # #))).%.[.....)).| |.......### #|.@O..# ------- ---|-- # ---------|----- -------- ....{| |...<| # # ------ .....-#### ------ Breadmaster the Woman-at-arms St:25 Dx:11 Co:17 In:10 Wi:12 Ch:10 Lawful S:37220 Dlvl:12 $:0 HP:0(90) Pw:23(23) AC:-5 Xp:10/8056 T:11513 Conf Latest messages: You climb up the stairs. You again sense the Norn pleading for help. What do you want to dip? [a-eghjlmruvyBDF-HJKUW-Y or ?*] u What do you want to dip a unicorn horn {20} into? [drBDFHJKWX or ?*] ? The cyan potion that you dipped into turns ruby. Call a cyan potion: bad J - an uncursed ruby potion {20}. What do you want to dip? [a-eghjlmruvyBDF-HJKUW-Y or ?*] ? What do you want to dip a unicorn horn {20} into? [drBDFHJKWX or ?*] w You don't have that object. What do you want to dip a unicorn horn {20} into? [drBDFHJKWX or ?*] W Interesting... What do you want to drink? [drBDFHJKWX or ?*] W Ooph! This tastes like liquid fire! Call a fizzy potion: booze You hear crashing rock. What do you want to dip? [a-eghjlmruvyBDF-HJKUW-Y or ?*] u What do you want to dip a unicorn horn {20} into? [drBDFHJKWX or ?*] ? Interesting... What do you want to drink? [drBDFHJKWX or ?*] F You sense the presence of monsters. (For instructions type a '?') Done. Your movements are now unencumbered. What do you want to dip? [a-eghjlmruvyBDGHJKUW-Y or ?*] u What do you want to dip a unicorn horn {20} into? [drBDHJKWX or ?*] ? Interesting... What do you want to drink? [drBDHJKWX or ?*] X Your feet are frozen to the floor! The ogre queen throws a wooden spear! The wooden spear misses the large dog. A wooden spear misses you. The wooden spear falls down the stairs. The ogre queen wields a battle-axe! The ogre queen swings her battle-axe. The ogre queen chops you! The ogre queen swings her battle-axe. The ogre queen hits you! The ogre queen swings her battle-axe. The ogre queen chops you! The ogre queen swings her battle-axe. The ogre queen gashes you! The ogre queen swings her battle-axe. The ogre queen slashes you! The ogre queen swings her battle-axe. The ogre queen hacks you! The ogre queen swings her battle-axe. The ogre queen chops you! You die... Do you want your possessions identified? [ynq] (y) q Major events: Turn 1: breadmaster the lawful dwarven Valkyrie entered the dungeon 29: entered new level 2, The Dungeons of Doom 74: hit with a wielded weapon for the first time 74: killed for the first time 193: became literate by engraving "elb" 199: ate for the first time - newt corpse 199: consumed animal products for the first time, by eating a newt corpse 418: gained experience level 2 467: entered new level 3, The Dungeons of Doom 618: entered new level 4, The Dungeons of Doom 632: attained the rank of Skirmisher (level 3) 1107: gained experience level 4 1137: entered new level 1, The Gnomish Mines 1137: entered the Gnomish Mines 1182: entered a shop 1720: entered new level 5, The Dungeons of Doom 1984: entered new level 6, The Dungeons of Doom 2053: gained experience level 5 2318: entered new level 7, The Dungeons of Doom 2517: murdered her faithful kitten 2681: endured an absurd aquatic ceremony, and now wields Excalibur 2805: entered new level 8, The Dungeons of Doom 2924: attained the rank of Fighter (level 6) 3195: killed Juiblex 3195: gained experience level 7 3195: rejected atheism with a prayer 3243: entered new level 9, The Dungeons of Doom 3248: gained experience level 8 3654: entered new level 10, The Dungeons of Doom 4134: entered a temple 4275: entered new level 11, The Dungeons of Doom 4286: gained experience level 9 4317: entered new level 12, The Dungeons of Doom 4818: entered new level 4, Sokoban 4818: entered Sokoban 5102: entered new level 3, Sokoban 5492: entered new level 2, Sokoban 5762: entered new level 1, Sokoban 6706: completed Sokoban 7908: entered new level 2, The Gnomish Mines 7963: attained the rank of Woman-at-arms (level 10) 8039: entered new level 3, The Gnomish Mines 8095: entered new level 4, The Gnomish Mines 8117: reached Mine Town 8484: entered new level 5, The Gnomish Mines 8666: entered new level 6, The Gnomish Mines 8864: entered new level 7, The Gnomish Mines 9050: entered new level 8, The Gnomish Mines 9216: entered new level 9, The Gnomish Mines 9375: acquired the Mines' End luckstone 11494: entered new level 13, The Dungeons of Doom 11494: entered the Bigroom Inventory: Inventory: 1216/1250 weight (26/52 slots) Weapons y - a +0 gold elven dagger {14} l - 2 +0 knives (at the ready) {10} a - the rustproof +2 Excalibur (weapon in hand) {40} Armor v - a blessed greased +1 stone orcish helm (being worn) {20} h - an uncursed +0 pair of gauntlets of power (being worn) {23} Y - a blessed fireproof +0 pair of speed boots (being worn) {15} c - an uncursed +3 small shield (being worn) {23} G - a cursed very burnt +0 alchemy smock with text "D?n'? m?ke me po son ycu" (being worn) {8} T - an uncursed rotted +0 Hawaiian shirt with a parrot motif (being worn) {4} f - an uncursed +0 banded mail (being worn) {263} Comestibles e - an uncursed lizard corpse {10} Potions D - an uncursed potion of blindness {20} W - an uncursed potion of booze {20} J - 3 uncursed potions of fruit juice {60} B - 2 uncursed potions of gain ability {40} K - an uncursed potion of hallucination {20} d - an uncursed potion of levitation {20} r - an uncursed potion of sickness {20} H - a cursed potion of sickness {20} Rings O - a blessed +5 ring of carrying (on right hand) {3} Wands g - a wand of cancellation (0:7) {7} Tools b - an uncursed bag of holding containing 85 items {500} j - an uncursed lantern {30} U - an uncursed pair of lenses (being worn) {3} m - an uncursed skeleton key {3} u - a +0 unicorn horn {20} Contents of the bag of holding: 4072 gold pieces a cursed silver amulet of change an uncursed +0 pair of elven boots a cursed -1 pair of mithril dwarvish boots 10 uncursed food rations an uncursed lembas wafer 6 uncursed tripe rations 2 uncursed lizard corpses 2 uncursed lizard corpses a cursed lizard corpse a blessed scroll of amnesia an uncursed scroll of light a blessed scroll of magic mapping an uncursed scroll of taming a blessed scroll of charging an uncursed scroll of charging an uncursed scroll of fire an uncursed scroll of gold detection 2 uncursed scrolls of create monster a blessed scroll of create monster 6 uncursed scrolls of blank paper a cursed scroll of blank paper a blessed scroll of earth 2 uncursed scrolls of earth 2 uncursed scrolls of confuse monster a cursed scroll of confuse monster 3 uncursed scrolls of destroy armor an uncursed scroll of enchant weapon an uncursed scroll of identify 3 cursed scrolls of teleportation an uncursed scroll of teleportation an uncursed potion of water an uncursed potion of object detection an uncursed potion of extra healing 2 uncursed potions of oil an uncursed -1 ring of increase accuracy an uncursed +3 ring of adornment a cursed ring of aggravate monster an uncursed ring of cold resistance an uncursed ring of invisibility a cursed ring of polymorph a cursed ring of polymorph control a wand of cold (0:7) a wand of cold (0:4) a wand of create monster (0:11) a wand of create monster (0:11) a wand of create monster (0:13) a cursed wand of digging (0:2) a wand of fire (0:4) a wand of fire (0:4) a wand of locking (0:2) a wand of secret door detection (0:10) a wand of sleep (0:2) a wand of speed monster (0:4) a wand of speed monster (0:2) a wand of striking (0:5) a cursed wand of striking (0:4) a wand of teleportation (0:2) a wand of teleportation (0:5) an uncursed oil lamp a can of grease (0:18) an expensive camera (0:30) a cursed magic lamp an uncursed wooden skeleton key an uncursed copper tin opener an uncursed worthless piece of black glass 6 uncursed worthless pieces of blue glass 2 uncursed aquamarine stones an uncursed emerald 7 uncursed worthless pieces of green glass an uncursed agate stone an uncursed jacinth stone 2 uncursed rubies 9 uncursed worthless pieces of red glass 2 uncursed amethyst stones 2 uncursed fluorite stones 2 cursed worthless pieces of violet glass an uncursed diamond 4 uncursed worthless pieces of white glass 3 uncursed worthless pieces of yellow glass an uncursed topaz stone 6 uncursed worthless pieces of yellowish brown glass 2 uncursed amber stones an uncursed flint stone an uncursed luckstone Breadmaster the Valkyrie's attributes: Background: You were a Woman-at-arms, a level 10 dwarven Valkyrie. You were lawful, on a mission for Tyr who was opposed by Odin (neutral) and Loki (chaotic). You were heterosexual. You were in the Dungeons of Doom, on level 12. You entered the dungeon 11513 turns ago. You had 8056 experience points, 1944 more were needed to attain level 11. Your score was 37220 before end-of-game adjustments. Basics: You had 0 out of 90 hit points. You had all 23 energy points (spell power). Your armor class was -5. Your wallet was empty. Autopickup was off. Final Characteristics: Your strength was 25 (base:18/02, innate limit:18/100). Your dexterity was 11 (peak:12, limit:20). Your constitution was 17 (limit:20). Your intelligence was 10 (limit:16). Your wisdom was 12 (peak:13, limit:16). Your charisma was 10 (limit:16). Final Status: You were confused. You were not hungry. You were unencumbered. You were wielding a long sword. You had expert skill with long sword. Final Attributes: You were piously aligned. You were cold resistant. You were sleep resistant. You were poison resistant. You were acid resistant. Your items were protected from acid. You were level-drain resistant. You saw invisible. You were telepathic. You had automatic searching. You had infravision. You were stealthy. You were warded. You were very fast. You are dead. Miscellaneous: You never encountered a bones level. Total elapsed playing time was 14 hours, 40 minutes and 47 seconds. Vanquished creatures: Juiblex 2 giant mimics an ogre tyrant an elven monarch 2 stalkers a water elemental 2 water demons 5 wargs a winter wolf 7 small mimics a xan a troll a large cat a tiger an ochre jelly a leocrotta 4 Grey-elves 2 soldiers a quivering blob 3 cockatrices 6 winter wolf cubs a panther a gremlin 2 leprechauns an iron piercer a scorpion an ogre 2 brown puddings a Green-elf an owlbear a yeti a werewolf 6 lizards 2 chickatrices a dingo 2 housecats 2 jaguars a blue jelly a water nymph a gray unicorn a dust vortex 3 ravens 7 plains centaurs 3 Woodland-elves 3 snakes 3 water moccasins 4 apes 6 soldier ants 8 bugbears 2 Mordor orcs 7 Uruk-hai an orc shaman 2 rock piercers 2 ponies a fog cloud 2 yellow lights a violet fungus 2 gnome leaders 5 gnomish wizards a red naga hatchling a barrow wight an elf zombie a ghoul 2 paper golems 5 floating eyes a kitten 4 homunculi 3 kobold leaders a kobold shaman 2 hill orcs 4 rothes a rabid rat 2 giant bats a monkey 3 orc zombies 2 dwarf zombies a wererat 6 iguanas a killer bee an acid blob a hobbit a large kobold 16 hobgoblins 4 giant rats a brown mold 2 yellow molds 4 green molds 2 red molds 11 gnomes a garter snake a gnome zombie 3 geckos 4 jackals 2 foxes 5 kobolds 11 goblins 4 sewer rats 13 grid bugs a bat 4 lichens 3 kobold zombies 9 newts 284 creatures vanquished. No species were genocided or became extinct. Voluntary challenges: You read items or engraved 20 times. You never genocided any monsters. You never polymorphed an object. You never changed form. You used no wishes. You never scared an enemy with impunity. You were celibate. You never generated conflict. You did not violate any of the special Sokoban rules. Achievements: You attained the rank of Skirmisher. You entered the Gnomish Mines. You entered a shop. You attained the rank of Fighter. You entered a temple. You entered Sokoban. You completed Sokoban. You attained the rank of Woman-at-arms. You entered Minetown. You completed the Gnomish Mines. You entered the Big Room. The Dungeons of Doom: levels 1 to 13 Level 1: Some fountains. Level 2: A sink. Level 3: A tree. Level 4: An armor shop. Stairs down to The Gnomish Mines. Level 5: Many fountains. Oracle of Delphi. Level 6: A sink. Stairs up to Sokoban, level 5. Level 7: A fountain. Level 8: A fountain, a tree. Level 9: Level 10: A temple, some trees. Level 11: A sink. Level 12: <- You were here. Some fountains. Summoned by the Norn. Final resting place for you, killed by an ogre queen, while frozen by a potion. Level 13: A very big room. The Gnomish Mines: levels 5 to 13 Level 5: Level 6: Level 7: Level 8: Many shops, a temple, some fountains. Level 9: Level 10: Level 11: Level 12: Level 13: Sokoban: levels 5 up to 2 Level 2: Solved. Level 3: Solved. Level 4: Solved. Level 5: Solved. Game over: __________ / \ / REST \ / IN \ / PEACE \ / \ | breadmaster | | 4072 Au | | killed by an | | ogre queen | | | | | | 2022 | *| * * * | * _________)/\\_//(\/(/\)/\//\/|_)_______ Farvel breadmaster the Valkyrie... You died in The Dungeons of Doom on dungeon level 12 with 36813 points, and 4072 pieces of gold, after 11513 moves. You were level 10 with a maximum of 90 hit points when you died.